 Dungeon Crawl Stone Soup version 0.23.2-40-g277498a001 (webtiles) character file.

Game seed: 11109362128699618643

1059 Nivan the Conjurer (level 8, -7/61 HPs)
             Began as a Grey Draconian Conjurer on Oct 22, 2019.
             Was an Initiate of Vehumet.
             Killed by divine providence
             ... invoked by an orc priest
              (13 damage)
             ... on level 6 of the Dungeon.
             The game lasted 00:26:01 (5180 turns).

Nivan the Conjurer (Grey Draconian Conjurer)        Turns: 5180, Time: 00:26:01

Health: -7/61      AC: 14    Str: 10    XL:     8   Next: 6%
Magic:  9/15       EV: 13    Int: 14    God:    Vehumet [......]
Gold:   236        SH:  0    Dex: 13    Spells: 14/17 levels left

rFire    . . .     SeeInvis .   i - +4 quarterstaff (chaos)
rCold    . . .     Gourm    .   (shield currently unavailable)
rNeg     . . .     Faith    .   (armour unavailable)
rPois    +         Spirit   .   (helmet restricted)
rElec    .         Reflect  .   n - +1 cloak {+Inv}
rCorr    .         Harm     .   B - +0 pair of gloves
MR       .....                  (no boots)
Stlth    ++........             (no amulet)
HPRegen  0.20/turn              j - ring of poison resistance
MPRegen  0.14/turn              u - -3 ring of intelligence (curse)

@: no status effects
A: walk through water, unfitting armour, unbreathing, cold-blooded, AC +11
a: Renounce Religion, Evoke Invisibility


You were on level 6 of the Dungeon.
You worshipped Vehumet.
Vehumet was noncommittal.
You were hungry.

You visited 2 branches of the dungeon, and saw 7 of its levels.

You collected 236 gold pieces.

Inventory:

Hand Weapons
 e - a +1 short sword of venom
 i - a +4 quarterstaff of chaos (weapon)
 l - a +0 falchion
Armour
 n - a +1 cloak of invisibility (worn)
 s - a +2 buckler
 B - a +0 pair of gloves (worn)
Jewellery
 j - a ring of poison resistance (left hand)
 m - an uncursed ring of protection from cold
 u - a cursed -3 ring of intelligence (right hand)
 x - a cursed amulet of inaccuracy {unknown}
 y - an uncursed ring of magical power {unknown}
Wands
 o - a wand of flame (19)
 p - a wand of polymorph (2)
Scrolls
 a - a scroll of amnesia
 c - 3 scrolls of identify
 d - 5 scrolls of teleportation
 f - a scroll of random uselessness
 h - 4 scrolls of enchant weapon
 k - a scroll of immolation
Potions
 g - a potion of invisibility {unknown}
 q - 3 potions of flight {unknown}
 r - 2 potions of ambrosia {unknown}
 t - 3 potions of might {unknown}
 v - 3 potions of curing {unknown}
 w - a potion of brilliance {unknown}
 z - 2 potions of agility
 A - a potion of mutation {unknown}
Comestibles
 b - 10 rations
 C - a chunk of flesh


   Skills:
 + Level 1.8 Fighting
 - Level 0.4 Short Blades
 + Level 3.3 Staves
 + Level 3.0 Dodging
 + Level 3.0 Stealth
 + Level 5.1 Spellcasting
 + Level 6.7 Conjurations


You had 14 spell levels left.
You knew the following spells:

 Your Spells              Type           Power        Failure   Level  Hunger
a - Magic Dart            Conj           ###.         1%          1    None
b - Searing Ray           Conj           ###...       1%          2    ##.....

Your spell library contained the following spells:

 Spells                   Type           Power        Failure   Level  Hunger
 Iskenderun's Mystic Bla  Conj           ###.....     11%         4    ####...
 Dazzling Spray           Conj/Hex       ##....       13%         3    ###....
 Force Lance              Conj/Tloc      ##......     41%         4    ####...
 Fulminant Prism          Conj/Hex       ##........   41%         4    ####...


Dungeon Overview and Level Annotations

Branches:
Dungeon (6/15)             Temple (1/1) D:6

Altars:
Ashenzari
Cheibriados
Dithmenos
Elyvilon
Fedhas
Hepliaklqana
Kikubaaqudgha
Makhleb
Okawaru
Qazlal
Ru
Sif Muna
Trog
Vehumet
Wu Jian
Yredelemnul
Zin
The Shining One

Shops:
D:4 *[[


Innate Abilities, Weirdness & Mutations

You can walk through water.
Your dull iron-grey scales are very hard. (AC +11)
You cannot fit into any form of body armour.
You can survive without breathing.
You are cold-blooded and may be slowed by cold attacks.


Message History

The orc warrior is moderately wounded.
The orc warrior hits you with a +0 morningstar.
You are too injured to fight recklessly!
You are too injured to fight recklessly!
You hit the orc warrior but do no damage.
The orc warrior is moderately wounded.
The orc warrior misses you.
You hit the orc warrior but do no damage.
The orc warrior is moderately wounded.
The orc warrior hits you with a +0 morningstar!
* * * LOW HITPOINT WARNING * * *
You fail to use your ability.
You fail to use your ability.
The orc warrior barely misses you.
You fail to use your ability.
The orc warrior hits you with a +0 morningstar!
* * * LOW HITPOINT WARNING * * *
Okay, then.
The orc priest calls down the wrath of Beogh upon you.
Beogh smites you!
You die...

.#######....##.#..#.........
#####...........÷...........
......##....##.#.##.........
...### #....##...##..>......
...#####....###.###........
.............##.###........
....### #..................
..### #.≈≈≈≈≈≈≈≈≈≈≈≈≈≈≈≈≈
.## #o≈≈≈≈≈≈@≈≈≈≈≈≈≈≈≈ ##
....o≈≈####.o...### #
.....o≈≈#gg#8###8#..
..........≈≈#.g###.###
..........≈≈#..!. ..
##..#.###.≈≈###.## ## . ....
#.≈≈. .# ## .. #.≈≈


You could see an orc warrior, a gnoll sergeant, an orc priest, 2 gnolls and 2
orcs.

Vanquished Creatures
  An ice beast (D:6)
  A sky beast (D:5)
  2 scorpions (D:6)
  A howler monkey (D:4)
  3 crimson imps
  A centaur zombie (D:5)
  A hound (D:4)
  An orc priest (D:3)
  An orc wizard (D:4)
  Terence (D:2)
  Ijyb (D:3)
  5 worker ants
  Crazy Yiuf (D:2)
  Natasha (thrice) (D:3)
  An iguana (D:4)
  8 adders
  A shadow imp (D:5)
  An adder zombie (D:5)
  An adder skeleton (D:4)
  3 worms
  2 dart slugs (D:1)
  7 leopard geckos
  16 orcs
  3 ball pythons
  6 giant cockroaches
  8 hobgoblins
  2 jackals (D:4)
  2 quokkas
  7 bats
  10 frilled lizards
  9 goblins
  8 kobolds
  4 rats (D:2)
122 creatures vanquished.

Notes
Turn   | Place    | Note
-------+----------+-------------------------------------------
     0 | D:1      | Nivan the Draconian Conjurer began the quest for the Orb.
     0 | D:1      | Reached XP level 1. HP: 14/14 MP: 3/3
    81 | D:1      | Reached XP level 2. HP: 16/20 MP: 0/5
   772 | D:1      | Reached XP level 3. HP: 26/26 MP: 0/6
  1010 | D:2      | Noticed Terence
  1020 | D:2      | Killed Terence
  1020 | D:2      | Reached skill level 5 in Conjurations
  1020 | D:2      | Reached XP level 4. HP: 21/33 MP: 1/7
  1201 | D:2      | Learned a level 2 spell: Searing Ray
  1266 | D:2      | Found a runed translucent door.
  1478 | D:2      | Found a faded altar of an unknown god.
  1583 | D:2      | Found a deep blue altar of Sif Muna.
  1718 | D:2      | Noticed Crazy Yiuf
  1871 | D:2      | Killed Crazy Yiuf
  2008 | D:3      | Noticed Ijyb
  2029 | D:3      | Killed Ijyb
  2029 | D:3      | Reached XP level 5. HP: 38/38 MP: 5/9
  2606 | D:3      | Noticed Natasha
  2612 | D:3      | Killed Natasha
  2718 | D:3      | Noticed Natasha
  2723 | D:3      | Killed Natasha
  2775 | D:3      | Noticed Natasha
  2780 | D:3      | Killed Natasha
  2780 | D:3      | Reached XP level 6. HP: 46/46 MP: 5/11
  3141 | D:4      | Reached skill level 1 in Fighting
  3141 | D:4      | Reached skill level 1 in Staves
  3173 | D:4      | Found Zadur's Armour Shop.
  3186 | D:4      | Reached skill level 6 in Conjurations
  3337 | D:4      | Found Tisyloqoph's General Store.
  3749 | D:4      | Found Wabeo's Armour Shoppe.
  3814 | D:5      | Entered Level 5 of the Dungeon
  3843 | D:5      | Your scales start taking on a dull iron-grey colour.
  3843 | D:5      | Reached XP level 7. HP: 48/52 MP: 6/13
  3843 | D:5      | Gained mutation: You can survive without breathing. [Grey
                  | Draconian growth]
  4171 | D:5      | Found a shadowy altar of Dithmenos.
  4926 | D:6      | Found a staircase to the Ecumenical Temple.
  4935 | Temple   | Entered the Ecumenical Temple
  4978 | Temple   | Became a worshipper of Vehumet
  5130 | D:6      | Reached skill level 5 in Spellcasting
  5130 | D:6      | Reached XP level 8. HP: 61/61 MP: 9/15
  5152 | D:6      | Identified the +4 spear of Rumuz {venom, +Blink rElec rF-
                  | Stlth+}
  5180 | D:6      | Killed from afar by an orc priest

Skill      XL: |  1  2  3  4  5  6  7  8 |
---------------+-------------------------+-----
Dodging        | 2 3 |  3.0
Stealth        | 2 3 |  3.0
Conjurations   | 5 6 |  6.7
Spellcasting   | 3 4 5 |  5.1
Fighting       | 1 |  1.8
Staves         | 1 3 |  3.3
Short Blades   | |  0.4

Action                   |  1- 3 |  4- 6 |  7- 9 || total
-------------------------+-------+-------+-------++-------
Melee: Unarmed           |    17 |     8 |       ||    25
       Short sword       |    14 |    10 |       ||    24
       Tailslap          |     2 |     1 |     3 ||     6
       Falchion          |       |     4 |       ||     4
       Quarterstaff      |       |    42 |    57 ||    99
 Cast: Magic Dart        |    60 |   135 |    78 ||   273
       Searing Ray       |       |     5 |     2 ||     7
  Use: Scroll            |       |     5 |       ||     5
 Stab: Sleeping          |       |     1 |       ||     1
       Confused          |       |       |     1 ||     1
  Eat: Chunk             |     1 |     9 |     4 ||    14
Armor: Skin              |     5 |    19 |    25 ||    49
Dodge: Dodged            |    19 |    32 |    45 ||    96
